 Dungeon Crawl Stone Soup version 0.29-a0-275-g389c0b56f3 (webtiles) character file.

Game seed: 179852814518602091

1124 YayAnonymity the Cleaver (level 8, -3/56 HPs)
             Began as a Demonspawn Gladiator on Mar 13, 2022.
             Slain by a wyvern (7 damage)
             ... on level 6 of the Dungeon.
             The game lasted 00:08:34 (5607 turns).

YayAnonymity the Cleaver (Demonspawn Gladiator)     Turns: 5607, Time: 00:08:35

Health: -3/56      AC:  9    Str: 22    XL:     8   Next: 13%
Magic:  8/8        EV:  8    Int: 11    God:
Gold:   222        SH:  0    Dex: 14    Spells: 7/7 levels left

rFire   + . .      SeeInvis .   a - +0 war axe
rCold   + . .      Faith    .   (no shield)
rNeg    . . .      Spirit   .   p - +0 chain mail
rPois   .          Reflect  .   c - +0 helmet
rElec   .          Harm     .   k - scarf {rC+ rF+}
rCorr   .          Rampage  .   (no gloves)
Will    .....                   (no boots)
Stlth   ..........              (no amulet)
HPRegen 0.18/turn               l - +6 ring of strength
MPRegen 0.11/turn               (no ring)

@: no status effects
A: hooves 1, powered by death 1, demonic touch 2
a: no special abilities


You were on level 6 of the Dungeon.
You visited 1 branch of the dungeon, and saw 6 of its levels.

You collected 222 gold pieces.

Inventory:

Hand Weapons
 a - a +0 war axe (weapon)
Missiles
 d - 2 throwing nets
 e - a javelin (quivered)
 i - 3 poisoned darts
 r - 6 boomerangs
Armour
 c - a +0 helmet (worn)
 k - a scarf of resistance (worn)
 p - a +0 chain mail (worn)
Jewellery
 l - a +6 ring of strength (left hand)
Wands
 s - a wand of digging (6)
Scrolls
 b - a scroll of amnesia
 o - 3 scrolls of enchant armour {unknown}
 q - a scroll of teleportation {unknown}
 t - a scroll of noise {unknown}
Potions
 f - 3 potions of curing
 g - a potion of lignification
 h - a potion of ambrosia
 n - a potion of brilliance
 u - a potion of berserk rage
 w - a potion of might
 x - a potion of magic


   Skills:
 + Level 2.1 Fighting
 + Level 9.2 Axes
 - Level 1.7 Throwing
 + Level 0.2 Armour
 - Level 2.6 Dodging


You had 7 spell levels left.
You didn't know any spells.
Your spell library contained the following spells:

 Spells                   Type           Power      Damage    Failure   Level
 Malign Gateway           Summ/Tloc      0%         N/A       100%        7
 Summon Horrible Things   Summ           0%         N/A       100%        8


Dungeon Overview and Level Annotations

Branches:
Dungeon (6/15)
 Temple: D:4-7

Altars:
Nemelex Xobeh

Shops:
D:1 :


Innate Abilities, Weirdness & Mutations

You have large cloven feet.
You regenerate a little health from kills.
Your touch may inflict irresistible damage on your foes.


Message History

The puff of frost hits you. You resist.
You slash the wyvern! You kick the wyvern, but do no damage.
Your touch misses the wyvern.
The wyvern is moderately wounded.
The wyvern bites you! The wyvern barely misses you.
You closely miss the wyvern. You kick the wyvern, but do no damage.
You touch the wyvern.
The wyvern is heavily wounded.
You hit the white imp.
The wyvern bites you but does no damage.
The white imp hits you. The white imp freezes you. You resist.
You are too injured to fight recklessly!
You hit the white imp.
You kick the white imp, but do no damage.
Your touch misses the white imp.
The white imp is severely wounded.
You hit the wyvern but do no damage. The wyvern bites you!
* * * LOW HITPOINT WARNING * * *
The wyvern barely misses you. The white imp gestures at you.
The puff of frost misses you.
You barely miss the white imp.
You kick the white imp, but do no damage.
The white imp is severely wounded.
You hit the wyvern but do no damage. The wyvern completely misses you.
The white imp hits you but does no damage.
You closely miss the white imp. You kick the white imp.
The white imp is almost dead.
You slash the wyvern! The wyvern bites you.
* * * LOW HITPOINT WARNING * * *
The wyvern completely misses you.
The white imp hits you but does no damage.
You hit the wyvern. Your touch misses the wyvern.
The wyvern is almost dead.
You hit the white imp but do no damage. The wyvern barely misses you.
The white imp hits you but does no damage.
You barely miss the white imp. Your kick misses the white imp.
The white imp is almost dead.
You closely miss the wyvern. The wyvern bites you!
You die...

# # ..
#.##########.#.
...............
........l.....#
#..@5......
#.........#
#............
#.#..[......#
.. ###...#####
.. ..... .
...... ......#


You could see a wyvern and a white imp.

Vanquished Creatures
  Sigmund (D:3)
  A water moccasin (D:5)
  An ice beast (D:5)
  An ogre (D:4)
  A sky beast (D:4)
  A necrophage (D:5)
  2 scorpions
  A howler monkey (D:4)
  An orc priest (D:5)
  A gnoll shaman (D:4)
  A hound (D:5)
  An iguana (D:5)
  4 orc wizards
  2 adders (D:4)
  2 ufetubi (D:4)
  3 worms (D:2)
  2 dart slugs (D:1)
  6 orcs
  7 ball pythons
  6 endoplasms
  3 giant cockroaches
  5 hobgoblins
  15 jackals
  6 quokkas
  2 bats
  3 frilled lizards
  5 goblins
  6 kobolds
  9 rats
99 creatures vanquished.

Vanquished Creatures (collateral kills)
  A hound (D:5)
1 creature vanquished.

Grand Total: 100 creatures vanquished

Notes
Turn   | Place    | Note
-------+----------+-------------------------------------------
     0 | D:1      | YayAnonymity the Demonspawn Gladiator began the quest for
                  | the Orb.
     0 | D:1      | Reached XP level 1. HP: 16/16 MP: 1/1
   120 | D:1      | Reached skill level 3 in Axes
   204 | D:1      | Discovered your monstrous ancestry.
   204 | D:1      | Gained mutation: Your touch may inflict minor irresistible
                  | damage on your foes. [demonic ancestry]
   204 | D:1      | Reached XP level 2. HP: 18/22 MP: 2/2
   725 | D:1      | Reached XP level 3. HP: 27/27 MP: 3/3
   865 | D:1      | Reached skill level 4 in Axes
   933 | D:1      | Found Wicy's Book Emporium.
  1241 | D:2      | Identified the +1 leather armour of Responsibility {Int+4}
  1271 | D:2      | Identified the +1 robe of the Fletcher {rF+ Stlth+}
  1855 | D:2      | Gained mutation: You regenerate a little health from kills.
                  | [demonic ancestry]
  1855 | D:2      | Reached XP level 4. HP: 33/33 MP: 4/4
  2229 | D:3      | Found a sparkling altar of Nemelex Xobeh.
  2522 | D:3      | Noticed Sigmund
  2533 | D:4      | Reached skill level 5 in Axes
  2539 | D:4      | Reached XP level 5. HP: 35/38 MP: 5/5
  2876 | D:3      | Killed Sigmund
  2877 | D:3      | Reached skill level 6 in Axes
  2877 | D:3      | Reached XP level 6. HP: 36/44 MP: 6/6
  3650 | D:4      | Reached skill level 7 in Axes
  4295 | D:4      | Gained mutation: Your touch may inflict irresistible damage
                  | on your foes. [demonic ancestry]
  4295 | D:4      | Reached XP level 7. HP: 50/50 MP: 7/7
  4669 | D:5      | Entered Level 5 of the Dungeon
  4750 | D:5      | Reached skill level 8 in Axes
  4964 | D:5      | Reached skill level 9 in Axes
  4964 | D:5      | Gained mutation: You have large cloven feet. [demonic
                  | ancestry]
  4964 | D:5      | Reached XP level 8. HP: 56/56 MP: 8/8
  5607 | D:6      | Slain by a wyvern

Illustrated notes

Levels and vault maps discovered:
D:1:      dpeg_arrival_brainrot, layout_basic, serial_shops, shop,
          minmay_misc_feat_diagonals
D:2:      layout_loops_ring
D:3:      layout_basic, nemelex_xobeh_ov_fountains_minmay, serial_bayou_pond_c,
          serial_bayou_pond_e, uniq_sigmund
D:4:      layout_basic, minmay_cupped
D:5:      layout_basic, nicolae_fountain_basement
D:6:      minmay_evil_eye, layout_rooms, minmay_temple_entry_antechambers,
          portal_sewer_entry_d, serial_shops, shop_statue,
          nicolae_shop_fire_sale [nicolae_sub_dead_trees], minmay_misc_feat_x,
          minivault_11, kennysheep_small_circle

Skill      XL: |  1  2  3  4  5  6  7 |
---------------+----------------------+-----
Axes           | 3 4 5 6 7 9 |  9.2
Fighting       | |  2.1
Throwing       | |  1.7
Armour         | |  0.2
Dodging        | |  2.6

Action                   |  1- 3 |  4- 6 |  7- 9 || total
-------------------------+-------+-------+-------++-------
Melee: War axe           |   109 |   100 |    72 ||   281
       Touch             |    15 |    15 |    12 ||    42
       Punch             |     1 |     1 |       ||     2
       Kick              |       |       |    10 ||    10
Throw: Throwing net      |       |     1 |       ||     1
       Javelin           |       |     1 |       ||     1
  Use: Scroll            |       |     4 |     6 ||    10
 Stab: Sleeping          |     1 |       |       ||     1
Armor: Leather armour    |    30 |       |       ||    30
       Ring mail         |     4 |     3 |       ||     7
       Chain mail        |       |    41 |    62 ||   103
Dodge: Dodged            |    82 |    37 |    52 ||   171

Table legend: (Time is in decaauts)
 A = Elapsed time spent in this place.
 B = Non-inter-level travel time spent in this place.
 C = Inter-level travel time spent in this place.
 D = Time resting spent in this place.
 E = Time spent auto-exploring this place.
 F = Levels seen in this place.
 G = Mean time per level.
                   A        B        C        D        E       F      G
               +--------+--------+--------+--------+--------+-----+--------+
         Total |   5675 |   5488 |    187 |   1018 |   3587 |   6 |  945.8 |
       Dungeon |   5675 |   5488 |    187 |   1018 |   3587 |   6 |  945.8 |
               +--------+--------+--------+--------+--------+-----+--------+

Top non-repeatable levels by time:
     D:3: 1288 daAuts
     D:2: 1274 daAuts
     D:1: 1261 daAuts
     D:4: 1064 daAuts
     D:5: 776 daAuts
     D:6: 10 daAuts
